 Dungeon Crawl Stone Soup version 0.31-a0-881-ge136f0c47a (webtiles) character file.

Game seed: 6005881211664865902

3 cowhearter the Cutter (level 1, 0/14 HPs)
             Began as a Kobold Monk on Oct 15, 2023.
             Succumbed to a goblin's poison
             ... on level 1 of the Dungeon.
             The game lasted 00:00:12 (102 turns).

cowhearter the Cutter (Kobold Monk)                  Turns: 102, Time: 00:00:13

Health: 0/14       AC:  2    Str:  8    XL:     1   Next: 55%
Magic:  1/1        EV: 16    Int: 11    God:
Gold:   0          SH:  0    Dex: 17    Spells: 0/0 levels left

rFire   . . .        a - +0 short sword
rCold   . . .        d - orb {light}
rNeg    . . .        b - +0 robe
rPois   .            (no helmet)
rElec   .            (no cloak)
rCorr   .            (no gloves)
SInv    .            (no boots)
Will    .....        (no amulet)
Stlth   +            (no ring)
HPRegen 0.22/turn    (no ring)
MPRegen 0.07/turn

%: no passive effects
@: lethally poisoned (0 -> -14), glowing
A: small, no large weapons, nightstalker 3
a: no special abilities


You were on level 1 of the Dungeon.
You visited 1 branch of the dungeon, and saw 1 of its levels.

Inventory:

Hand Weapons
 a - a +0 short sword (weapon)
Armour
 b - a +0 robe (worn)
 d - an orb of light (worn)
Potions
 c - a potion of ambrosia
 e - a potion of attraction {unknown}


   Skills:
 + Level 3.3 Fighting
 + Level 4.1 Short Blades
 + Level 3.7 Dodging


You couldn't memorise any spells.
You didn't know any spells.
Your spell library was empty.

Dungeon Overview and Level Annotations

Branches:
Dungeon (1/15)

Altars:


Innate Abilities, Weirdness & Mutations

You are small and have problems with some larger weapons.
You are completely attuned to the shadows.


Message History

e - a silvery potion A giant cockroach comes into view.
A giant cockroach is nearby!
You hit the giant cockroach but do no damage.
You hit the giant cockroach.
The giant cockroach is heavily wounded.
The giant cockroach bites you but does no damage.
You hit the giant cockroach.
You kill the giant cockroach!
You see here a giant cockroach corpse.
A rat comes into view.
The rat misses you.
You hit the rat.
You kill the rat!
You see here a rat corpse.
There is a fountain of clear blue water here.
You see here a giant cockroach corpse.
You open the door.
There is an open door here.
A goblin comes into view. It is wielding a +1 dagger of venom.
The goblin shouts!
The goblin hits you with a +1 dagger of venom.
You are poisoned.
You barely miss the goblin.
You feel very sick.
A hobgoblin comes into view.
The goblin misses you.
You hit the goblin.
The goblin is severely wounded.
You feel sick.
You barely miss the goblin.
The goblin is severely wounded.
You feel sick.
The goblin hits you with a +1 dagger of venom.
You are more poisoned.
You hit the goblin.
You kill the goblin!
* * * LOW HITPOINT WARNING * * *
You feel very sick.
You die...

######## ........
###..8.8. #....†⌠..
.##..# #.......#
.....# #......##
##.g.## #........
##.....## #......##
#..@....## ###.##.##
#.........###........
+.........'....†...#.
#.........###....#.#.
##.......## #.#.##.#.
....## #.###..#. ..#
#.###.##. #+#
#........
#.###########.###


You could see a hobgoblin.

Vanquished Creatures
  A giant cockroach (D:1)
  A goblin (D:1)
  A rat (D:1)
3 creatures vanquished.

Notes
Turn   | Place    | Note
-------+----------+-------------------------------------------
     0 | D:1      | cowhearter the Kobold Monk began the quest for the Orb.
     0 | D:1      | Reached XP level 1. HP: 14/14 MP: 1/1
   102 | D:1      | Succumbed to a goblin's poison

Illustrated notes

Levels and vault maps discovered:
D:1:      lemuel_arrival_cross, layout_loops_corners,
          chequers_serial_rivers_micro_c, serial_park_tiny_pond,
          hangedman_decor_riveting, hangedman_feature_mirror

Action                     || total
---------------------------++-------
  Melee: Short sword       ||     8
 Armour: Robe              ||     3
  Dodge: Dodged            ||     2

Table legend: (Time is in decaauts)
 A = Elapsed time spent in this place.
 B = Non-inter-level travel time spent in this place.
 C = Inter-level travel time spent in this place.
 D = Time resting spent in this place.
 E = Time spent auto-exploring this place.
 F = Levels seen in this place.
 G = Mean time per level.
                   A        B        C        D        E       F      G
               +--------+--------+--------+--------+--------+-----+--------+
         Total |    100 |    100 |      0 |      0 |     83 |   1 |  100.0 |
       Dungeon |    100 |    100 |      0 |      0 |     83 |   1 |  100.0 |
               +--------+--------+--------+--------+--------+-----+--------+

Top non-repeatable levels by time:
     D:1: 100 daAuts
